 Dungeon Crawl Stone Soup version 0.31.0-32-g396128a36d (webtiles) character file.

Game seed: 7998941825487639902

219 gohu the Magician (level 6, -15/40 HPs)
             Began as a Djinni Fire Elementalist on Mar 12, 2024.
             Demolished by Menkaure (20 damage)
             ... on level 4 of the Dungeon.
             The game lasted 00:03:43 (2569 turns).

gohu the Magician (Djinni Fire Elementalist)        Turns: 2569, Time: 00:03:43

Health: -15/40     AC:  3    Str:  7    XL:     6   Next: 18%
Gold:   100        EV: 12    Int: 18    God:
                   SH:  0    Dex: 14

rFire   + + .        (no weapon)
rCold   x . .        (no shield)
rNeg    . . .        a - +0 robe
rPois   ∞            d - +1 hat
rElec   .            (no cloak)
rCorr   .            (no gloves)
SInv    .            (boots unavailable)
Will    .....        t - amulet of faith
Stlth   ++           (no ring)
HPRegen 0.26/turn    (no ring)
MPRegen 0.00/turn

%: faith, infuse magic (-16 HP)
@: flying
A: sickness immunity, fire resistance 2, cold vulnerability 1, float, innate
caster, HP casting, extra vitality 1
a: no special abilities


You were on level 4 of the Dungeon.
You visited 1 branch of the dungeon, and saw 4 of its levels.

You collected 100 gold pieces.

Inventory:

Armour
 a - a +0 robe (worn)
 d - a +1 hat (worn)
 o - a +0 buckler
Jewellery
 t - an amulet of faith (around neck)
Scrolls
 c - 4 scrolls of teleportation {unknown}
 e - 2 scrolls of fog {unknown}
 g - a scroll of immolation {unknown}
 i - 2 scrolls of amnesia {unknown}
 j - 2 scrolls of noise {unknown}
 k - a scroll of poison {unknown}
 n - 2 scrolls of blinking {unknown}
 r - 2 scrolls of identify {unknown}
 u - a scroll of enchant weapon {unknown}
Potions
 b - a potion of lignification {unknown}
 f - 2 potions of curing {unknown}
 h - 2 potions of mutation {unknown}
 l - a potion of might {unknown}
 m - 3 potions of haste {unknown}
 p - a potion of heal wounds {unknown}
 q - a potion of resistance {unknown}
 s - a potion of berserk rage {unknown}


   Skills:
 - Level 2.1 Dodging
 - Level 1.5 Stealth
 + Level 5.4 Spellcasting
 + Level 5.4 Conjurations
 + Level 5.4 Hexes
 + Level 5.4 Summonings
 + Level 5.4 Necromancy
 + Level 5.4 Translocations
 + Level 5.4 Fire Magic
 + Level 5.4 Ice Magic
 + Level 5.4 Air Magic
 + Level 5.4 Earth Magic
 + Level 5.4 Alchemy


You knew the following spells:

 Your Spells              Type           Power      Damage    Failure   Level
a - Foxfire               Conj/Fire      96%        2x1d8     1%          1
b - Scorch                Fire           48%        2d7       1%          2
c - Volatile Blastmotes   Fire/Tloc      48%        2d14      4%          3
d - Inner Flame           Hex/Fire       24%        N/A       4%          3
e - Flame Wave            Conj/Fire      24%        2d8       14%         4
f - Necrotise             Necr           96%        1d8       1%          1
g - Call Imp              Summ           48%        N/A       1%          2
Your spell library was empty.

Dungeon Overview and Level Annotations

Branches:
Dungeon (4/15)
 Temple: D:4-7

Altars:
Dithmenos
Nemelex Xobeh
Okawaru
Wu Jian

Shops:
D:3 (   D:4 ?

Annotations:
D:3 1 runed translucent door, Crazy Yiuf
D:4 Menkaure


Innate Abilities, Weirdness & Mutations

You are immune to sickness and miasma.
You are immune to poison.
Your flesh is very heat resistant. (rF++)
You are vulnerable to cold. (rC-)
You float through the air rather than walking.
You learn spells naturally, not from books.
Your magical power is your life essence.
You have superior vitality. (+4 MHP)


Message History

Casting: Foxfire (safe; 1% risk of failure)
Confirm with . or Enter, or press ? or * to list all spells.
You conjure some foxfire!
The foxfire hits the hobgoblin.
The hobgoblin is heavily wounded.
The foxfire hits the hobgoblin.
The hobgoblin is almost dead.
Casting: Foxfire (safe; 1% risk of failure)
Confirm with . or Enter, or press ? or * to list all spells.
You conjure some foxfire!
The foxfire hits the hobgoblin.
You kill the hobgoblin!
The foxfire hits the goblin.
You kill the goblin!
Menkaure mumbles some strange words.
Menkaure seems to speed up.
Menkaure calls on the powers of darkness!
Your body is wracked with pain!
Casting: Foxfire (safe; 1% risk of failure)
Confirm with . or Enter, or press ? or * to list all spells.
You don't know that spell.
Casting: Foxfire (safe; 1% risk of failure)
Confirm with . or Enter, or press ? or * to list all spells.
A cloud of volatile blastmotes flares up around you!
Run!
Menkaure calls on the powers of darkness!
Your body is wracked with pain!
* * * LOW HITPOINT WARNING * * *
Menkaure calls on the powers of darkness!
Your body is wracked with pain!
* * * LOW HITPOINT WARNING * * *
There is a stone staircase leading down here.
Casting: Volatile Blastmotes (dangerous; 4% risk of failure)
Confirm with . or Enter, or press ? or * to list all spells.
Flames lash Menkaure.
Menkaure is burned terribly!
Menkaure is severely damaged.
Menkaure's fire resistance burns away.
* * * LOW HITPOINT WARNING * * *
Menkaure hits you!!
Ouch! That really hurt!
You die...

.........).##....
..........†..#.##
..∩..<.....!.....##
..................##
...................##...
.....#..................
#...#.........#.##....
#.........†.M#..#....
#......#.....@........
....##.###.#....#....##
.... #...###....##...#
##...#....#..#...#.....
#........#...# .##.
#..#...####.....#
#......# ####..
......#..# ...
.....###.## #..


You could see Menkaure (fast, combustible).

Vanquished Creatures
  2 bombardier beetles
  A hound (D:2)
  5 adders
  2 ribbon worms
  7 orcs (D:3)
  3 endoplasms
  3 giant cockroaches (D:1)
  7 hobgoblins
  7 jackals
  3 quokkas
  4 ball pythons
  6 bats
  4 frilled lizards
  4 goblins
  4 kobolds
  2 rats (D:2)
64 creatures vanquished.

Vanquished Creatures (others)
  169 foxfires
169 creatures vanquished.

Grand Total: 233 creatures vanquished

Notes
Turn   | Place    | Note
-------+----------+-------------------------------------------
     0 | D:1      | gohu the Djinni Fire Elementalist began the quest for the
                  | Orb.
     0 | D:1      | gohu set off with the following spells memorised: Foxfire,
                  | Scorch, Volatile Blastmotes, Inner Flame, Flame Wave.
     0 | D:1      | Reached XP level 1. HP: 15/15 MP: 0/0
    75 | D:1      | Reached XP level 2. HP: 20/21 MP: 0/0
   692 | D:2      | Reached XP level 3. HP: 18/25 MP: 0/0
   692 | D:2      | Learned a level 1 spell: Necrotise
   737 | D:2      | Reached XP level 4. HP: 25/31 MP: 0/0
  1507 | D:3      | Reached XP level 5. HP: 34/35 MP: 0/0
  1507 | D:3      | Learned a level 2 spell: Call Imp
  1630 | D:3      | Found an iron altar of Okawaru.
  1644 | D:3      | Found a shadowy altar of Dithmenos.
  1851 | D:3      | Reached skill level 5 in Spellcasting
  1851 | D:3      | Reached skill level 5 in Conjurations
  1851 | D:3      | Reached skill level 5 in Hexes
  1851 | D:3      | Reached skill level 5 in Summonings
  1851 | D:3      | Reached skill level 5 in Necromancy
  1851 | D:3      | Reached skill level 5 in Translocations
  1851 | D:3      | Reached skill level 5 in Fire Magic
  1851 | D:3      | Reached skill level 5 in Ice Magic
  1851 | D:3      | Reached skill level 5 in Air Magic
  1851 | D:3      | Reached skill level 5 in Earth Magic
  1851 | D:3      | Reached skill level 5 in Alchemy
  2101 | D:3      | Found an ornate altar of the Wu Jian Council.
  2115 | D:3      | Found a sparkling altar of Nemelex Xobeh.
  2137 | D:3      | Found a runed translucent door.
  2138 | D:3      | Noticed Crazy Yiuf
  2382 | D:3      | Found Sewkem's Weapon Boutique.
  2510 | D:4      | Reached XP level 6. HP: 33/40 MP: 0/0
  2545 | D:4      | Found Egoafali's Magic Scroll Shoppe.
  2553 | D:4      | Noticed Menkaure
  2569 | D:4      | Demolished by Menkaure

Illustrated notes

Levels and vault maps discovered:
D:1:      amcnicky_arrival_choice, layout_basic
D:2:      layout_loops_ring
D:3:      layout_basic, nicolae_overflow_quartered_altars, serial_shops,
          nicolae_diamond_shop, uniq_crazy_yiuf_cottage
D:4:      layout_cave_pools, serial_shops, nicolae_shop_bloodbath_and_beyond,
          shop, nicolae_shop_peninsula, nicolae_shop_dealshenge,
          nicolae_shop_window_shopping, grunt_decor_clamped,
          minmay_misc_feat_rugged, uniq_menkaure, uniq_sigmund, uniq_natasha

Skill      XL: |  1  2  3  4  5 |
---------------+----------------+-----
Spellcasting   | 4 5 |  5.4
Conjurations   | 4 5 |  5.4
Hexes          | 4 5 |  5.4
Summonings     | 4 5 |  5.4
Necromancy     | 4 5 |  5.4
Translocations | 4 5 |  5.4
Fire Magic     | 4 5 |  5.4
Ice Magic      | 4 5 |  5.4
Air Magic      | 4 5 |  5.4
Earth Magic    | 4 5 |  5.4
Alchemy        | 4 5 |  5.4
Dodging        | |  2.1
Stealth        | |  1.5

Action                     |  1- 3 |  4- 6 || total
---------------------------+-------+-------++-------
   Cast: Foxfire           |    46 |    61 ||   107
         Scorch            |     7 |    25 ||    32
         Volatile Blastmot |       |     1 ||     1
 Armour: Robe              |     5 |    20 ||    25
  Dodge: Dodged            |     6 |    24 ||    30
